AoeStats
← Ice_And_Fire

Arabia

509934985Analyzed
2v2 RM · 5d ago on Sep 28, 2026· 55m 20s· 4 players
Game mode
Random Map
Map size
Medium (4 player)
Population
200
Speed
Normal
Resources
Standard
Victory
Conquest
Starting age
Dark Age
Ending age
Imperial Age
RankedLock teamsTeams togetherTeam positionsShared explorationLock speedFull tech treeHidden civsTurbo modeCheats
Victory
Defeat
🇩🇪 Britons · Germany
1014
+14
🇩🇪 Franks · Germany
996
+15
🇹🇷 Gurjaras · Türkiye
974
-15
🇹🇷 Huns · Türkiye
968
-14
blackout
7:22 Loom
9:37 Feudal Age
10:08 Double-Bit Axe
18:11 Castle Age
16:54 Horse Collar
17:30 Bloodlines
17:38 Forging
17:52 Scale Barding Armor
17:57 Gold Mining
19:48 Light Cavalry
21:18 Stone Mining
21:58 Husbandry
25:16 Wheelbarrow
28:31 Iron Casting
28:25 Heavy Plow
28:37 Bow Saw
28:50 Chain Barding Armor
29:21 Scale Mail Armor
33:29 Imperial Age
32:07 Chain Mail Armor
33:48 Gold Shaft Mining
34:07 Heavy Camel Rider
37:33 Plate Barding Armor
37:14 Fletching
38:44 Elite Chakram Thrower
48:27 Hussar
52:14 Plate Mail Armor
51:41 Bodkin Arrow
mustajjj
4:19 Loom
9:15 Loom
11:34 Feudal Age
12:31 Double-Bit Axe
12:28 Horse Collar
12:24 Man-at-Arms
13:48 Man-at-Arms
22:41 Castle Age
20:36 Gold Mining
21:24 Stone Mining
22:01 Forging
21:56 Scale Barding Armor
23:00 Wheelbarrow
22:51 Bloodlines
22:38 Fletching
22:48 Padded Archer Armor
22:44 Elite Skirmisher
24:02 Bodkin Arrow
24:07 Padded Archer Armor
28:18 Heavy Plow
29:18 Hand Cart
29:52 Bow Saw
Ice_And_Fire
8:13 Loom
10:07 Feudal Age
11:08 Double-Bit Axe
12:48 Horse Collar
13:30 Fletching
13:40 Padded Archer Armor
22:00 Castle Age
21:18 Forging
22:00 Scale Barding Armor
22:46 Crossbowman
23:24 Bodkin Arrow
24:42 Wheelbarrow
27:15 Heavy Plow
29:32 Leather Archer Armor
28:53 Pikeman
29:33 Squires
29:36 Scale Mail Armor
30:35 Town Watch
30:26 Light Cavalry
31:46 Husbandry
33:58 Ballistics
36:20 Hand Cart
38:22 Chain Barding Armor
38:38 Iron Casting
42:27 Imperial Age
42:48 Chain Mail Armor
43:29 Conscription
44:52 Warwolf
46:33 Bracer
46:24 Treadmill Crane
47:33 Plate Mail Armor
48:05 Blast Furnace
48:13 Yeomen
48:36 Gold Mining
48:36 Stone Mining
49:09 Arbalester
54:34 Chemistry
55:13 Siege Engineers
55:10 Arson
Bujerissimo
8:20 Loom
11:44 Feudal Age
12:25 Double-Bit Axe
20:10 Castle Age
18:12 Gold Mining
18:42 Stone Mining
20:52 Forging
20:42 Scale Mail Armor
20:48 Scale Barding Armor
25:54 Iron Casting
25:11 Fletching
28:14 Husbandry
30:00 Ballistics
30:31 Wheelbarrow
32:06 Chain Mail Armor
35:10 Gold Shaft Mining
34:36 Murder Holes
36:04 Hand Cart
36:37 Bow Saw
41:38 Imperial Age
41:40 Cavalier
45:27 Hoardings
52:47 Conscription
51:51 Ordonnance Companies
52:32 Chivalry
Connection lost

Rejoining the realm…

Still unreachable

The connection could not be restored.

Session expired

The server has moved on; the page needs a fresh start.